 Dungeon Crawl Stone Soup version 0.30.1-11-g7821555f0a (webtiles) character file.

Game seed: 10713147912393450566

21 caec the Ruffian (level 2, -2/23 HPs)
             Began as a Draconian Transmuter on Dec 19, 2023.
             Slain by a gnoll
             ... wielding a +0 spear
              (4 damage)
             ... on level 2 of the Dungeon.
             The game lasted 00:01:53 (867 turns).

caec the Ruffian (Draconian Transmuter)              Turns: 867, Time: 00:01:53

Health: -2/23      AC:  4    Str: 12    XL:     2   Next: 65%
Magic:  3/5        EV: 12    Int: 13    God:
Gold:   50         SH:  0    Dex: 11    Spells: 2/5 levels left

rFire   . .          .
                       - Unarmed
rCold   . . .        (no shield)
rNeg    . . .        (body armour unavailable)
rPois   .            (helmet restricted)
rElec   .            (no cloak)
rCorr   .            (no gloves)
SInv    .            (no boots)
Will    .....        (no amulet)
Stlth   +            (no ring)
HPRegen 0.23/turn    (no ring)
MPRegen 0.09/turn

%: no passive effects
@: wereblooded
A: AC +4, unfitting armour, cold-blooded
a: no special abilities


You were on level 2 of the Dungeon.
You visited 1 branch of the dungeon, and saw 2 of its levels.

You collected 50 gold pieces.

Inventory:

Magical Staves
 j - a staff of air
Scrolls
 b - a scroll of noise {unknown}
Potions
 a - a potion of lignification
 d - a potion of invisibility {unknown}
 e - a potion of haste
 k - a potion of cancellation {unknown}


   Skills:
 + Level 1.1 Fighting
 + Level 2.0 Dodging
 + Level 3.4 Unarmed Combat
 + Level 2.2 Spellcasting
 + Level 2.2 Transmutations


You had 2 spell levels left.
You knew the following spells:

 Your Spells              Type           Power      Damage    Failure   Level
a - Beastly Appendage     Tmut           14%        N/A       10%         1
b - Wereblood             Tmut           7%         N/A       16%         2

Your spell library contained the following spells:

 Spells                   Type           Power      Damage    Failure   Level
 Spider Form              Tmut/Pois      4%         N/A       43%         3
 Ice Form                 Ice/Tmut       4%         N/A       85%         4


Dungeon Overview and Level Annotations

Branches:
Dungeon (2/15)

Altars:


Innate Abilities, Weirdness & Mutations

Your plain brown scales are hard. (AC +4)
You cannot fit into any form of body armour.
You are cold-blooded and may be slowed by cold attacks.


Message History

You hit the rat.
You kill the rat!
You see here a rat corpse.
A rat comes into view.
Casting: Beastly Appendage (safe; 10% risk of failure)
Confirm with . or Enter, or press ? or * to list all spells.
You grow a pair of large bovine horns.
Your feet morph into talons. 3 gnolls come into view.
The gnoll shouts!
The gnoll moves out of view.
The gnoll shouts!
You hit the rat.
You kill the rat!
A frilled lizard comes into view.
Found a scroll of identify.
The gnoll hits you from afar with a +0 spear.
You see here a rat corpse.
Casting: Beastly Appendage (safe; 10% risk of failure)
Confirm with . or Enter, or press ? or * to list all spells.
Your blood is infused with primal strength.
The frilled lizard hisses angrily.
Your transformation is almost over.
The gnoll hits you from afar with a +0 spear.
There is a stone staircase leading down here.
The gnoll hits you with a +0 spear.
You closely miss the gnoll. The gnoll hits you with a +0 spear.
You barely miss the gnoll.
Your horns disappear.
Your talons disappear.
The gnoll closely misses you. x2
The gnoll hits you from afar with a +0 spear.
You barely miss the gnoll.
Your tail-slap misses the gnoll.
The gnoll hits you with a +0 spear.
* * * LOW HITPOINT WARNING * * *
The gnoll barely misses you.
The gnoll hits you from afar with a +0 spear.
* * * LOW HITPOINT WARNING * * *
You hit the gnoll.
The gnoll is lightly wounded.
The gnoll hits you from afar with a +0 spear.
You die...

#......###
#......#.#
#.....?#.#######
#......#.......###
#......#.####..†.#
#......#.####..#.#
#......#....####.#
+......†...lgg@..#
#......####.g#####
#......#.....#
#......#.###.#
######.. #.#
..#####.#
..+....<#
..#####.# #.#


You could see 3 gnolls and a frilled lizard.

Vanquished Creatures
  2 dart slugs (D:1)
  2 ball pythons (D:1)
  A giant cockroach (D:1)
  2 goblins (D:1)
  A hobgoblin (D:1)
  A kobold (D:1)
  2 bats (D:1)
  3 frilled lizards (D:1)
  4 rats
18 creatures vanquished.

Notes
Turn   | Place    | Note
-------+----------+-------------------------------------------
     0 | D:1      | caec the Draconian Transmuter began the quest for the Orb.
     0 | D:1      | Reached XP level 1. HP: 16/16 MP: 3/3
   168 | D:1      | Reached XP level 2. HP: 19/23 MP: 3/5
   171 | D:1      | Learned a level 2 spell: Wereblood
   866 | D:2      | HP: 1/23 [gnoll/+0 spear (4)]
   867 | D:2      | Slain by a gnoll

Illustrated notes

Levels and vault maps discovered:
D:1:      tarquinn_simple_flora_water_f, layout_loops_cross
D:2:      layout_basic, ebering_ecumenical_altar_rust, serial_shops,
          nicolae_diamond_shop, uniq_robin

Skill      XL: |  1  2 |
---------------+-------+-----
Dodging        | 2 |  2.0
Fighting       | |  1.1
Unarmed Combat | |  3.4
Spellcasting   | |  2.2
Transmutations | |  2.2

Action                     || total
---------------------------++-------
  Melee: Unarmed           ||    50
         Kick              ||     7
         Headbutt          ||     3
         Tailslap          ||     3
   Cast: Beastly Appendage ||    11
         Wereblood         ||     1
    Use: Scroll            ||     6
   Stab: Sleeping          ||     1
 Armour: Skin              ||     9
  Dodge: Dodged            ||    33
